 Dungeon Crawl Stone Soup version 0.29-a0-321-gf1c400731a (webtiles) character file.

Game seed: 3020892141000508624

46 experimilk the Ruffian (level 3, 0/33 HPs)
             Began as a Troll Gladiator on Apr 3, 2022.
             Slain by a goblin
             ... wielding a +0 dagger
             ... led by Robin
              (3 damage)
             ... on level 2 of the Dungeon.
             The game lasted 00:02:27 (1226 turns).

experimilk the Ruffian (Troll Gladiator)            Turns: 1226, Time: 00:02:28

Health: 0/33       AC:  4    Str: 24    XL:     3   Next: 46%
Magic:  2/2        EV: 10    Int:  4    God:
Gold:   97         SH:  0    Dex: 11    Spells: 2/2 levels left

rFire   . . .      SeeInvis .     - Unarmed
rCold   . . .      Faith    .   (no shield)
rNeg    . . .      Spirit   .   a - +0 robe
rPois   .          Reflect  .   b - +0 hat
rElec   .          Harm     .   (no cloak)
rCorr   .          Rampage  .   (gloves unavailable)
Will    .....                   (boots unavailable)
Stlth   +.........              (no amulet)
HPRegen 0.91/turn               (no ring)
MPRegen 0.08/turn               (no ring)

@: no status effects
A: large, unfitting armour, claws 3, regeneration 1, shaggy fur 1, tough skin 1
a: no special abilities


You were on level 2 of the Dungeon.
You visited 1 branch of the dungeon, and saw 2 of its levels.

You collected 97 gold pieces.

Inventory:

Missiles
 c - 3 throwing nets (quivered)
Armour
 a - a +0 robe (worn)
 b - a +0 hat (worn)
Jewellery
 h - a +4 ring of slaying
Scrolls
 k - a scroll of fear {unknown}
 l - a scroll of identify {unknown}
Potions
 d - a potion of heal wounds {unknown}
 e - a potion of mutation {unknown}
 f - 2 potions of flight {unknown}
 g - 2 potions of curing {unknown}
 i - a potion of brilliance {unknown}


   Skills:
 - Level 1.6 Fighting
 - Level 1.8 Throwing
 - Level 2.4 Dodging
 * Level 4.4 Unarmed Combat


You had 2 spell levels left.
You didn't know any spells.
Your spell library was empty.

Dungeon Overview and Level Annotations

Branches:
Dungeon (2/15)

Altars:

Annotations:
D:2 Robin


Innate Abilities, Weirdness & Mutations

You are too large for most types of armour.
You have claws for hands.
Your natural rate of healing is unusually fast.
You are covered in fur. (AC +1)
You have tough skin. (AC +1)


Message History

There are monsters nearby!
You scratch the goblin.
You kill the goblin!
A goblin comes into view. It is wielding a +0 dagger.
The hobgoblin hits you but does no damage.
There are monsters nearby!
You barely miss the goblin.
The goblin shouts!
The goblin barely misses you.
The hobgoblin hits you but does no damage.
There are monsters nearby!
You claw the goblin!
You kill the goblin!
The hobgoblin hits you. The goblin closely misses you.
Robin roars a battlecry!
The goblins go into a battle-frenzy!
You completely miss the goblin.
A hobgoblin comes into view.
The goblin hits you with a +0 dagger.
Robin hits you from afar with a +0 trident!
The hobgoblin hits you but does no damage.
There are monsters nearby!
You closely miss the goblin. The hobgoblin hits you.
The goblin closely misses you. Robin closely misses you.
There are monsters nearby!
You claw the goblin!
You kill the goblin!
The hobgoblin misses you. The goblin hits you with a +0 dagger.
The hobgoblin hits you.
A goblin comes into view. It is wielding a +0 dagger.
Robin roars a battlecry!
The goblins go into a battle-frenzy!
As you read the scroll labelled AXZYUS USCHIU, it crumbles to dust.
The creatures around you are filled with an inner flame!
It was a scroll of immolation.
The hobgoblin hits you. The goblin hits you with a +0 dagger.
The hobgoblin closely misses you.
Robin hits you from afar with a +0 trident!
* * * LOW HITPOINT WARNING * * *
The goblin hits you with a +0 dagger.
You die...

. # .#.# #.#.##. ###
......
....########.#.###
....g.gg......... #.
.#gg@.....#.##....
#...gg............##
#.##.........##....#
#.......#........#
#.#####.##.####..####
#. #.##.##........ #
#.##.##.#.#.#)#
#.##.##.##.#.#.
#.##.##.#.#...#


You could see Robin (inner flame), 3 hobgoblins and 3 goblins.

Vanquished Creatures
  A worm (D:2)
  5 bats
  6 endoplasms
  3 giant cockroaches
  6 goblins
  2 hobgoblins (D:1)
  5 kobolds
  A quokka (D:1)
  4 ball pythons
  2 frilled lizards (D:1)
  5 rats
40 creatures vanquished.

Notes
Turn   | Place    | Note
-------+----------+-------------------------------------------
     0 | D:1      | experimilk the Troll Gladiator began the quest for the Orb.
     0 | D:1      | Reached XP level 1. HP: 19/19 MP: 0/0
   191 | D:1      | Reached XP level 2. HP: 27/27 MP: 1/1
   421 | D:1      | Reached skill level 4 in Unarmed Combat
   662 | D:1      | Reached XP level 3. HP: 33/33 MP: 2/2
  1217 | D:2      | Noticed Robin
  1226 | D:2      | Slain by a goblin

Illustrated notes

Levels and vault maps discovered:
D:1:      nzn_arrival_water_spiral, layout_loops_ring
D:2:      layout_basic, grunt_ministairs_1, minmay_tiny_reverse_x, uniq_robin

Skill      XL: |  1  2 |
---------------+-------+-----
Unarmed Combat | 4 |  4.4
Fighting       | |  1.6
Throwing       | |  1.8
Dodging        | |  2.4

Action                   || total
-------------------------++-------
Melee: Unarmed           ||    79
       Dagger            ||    11
Throw: Large rock        ||     1
  Use: Scroll            ||     1
 Stab: Sleeping          ||     4
Armor: Robe              ||    24
Dodge: Dodged            ||    40

Table legend: (Time is in decaauts)
 A = Elapsed time spent in this place.
 B = Non-inter-level travel time spent in this place.
 C = Inter-level travel time spent in this place.
 D = Time resting spent in this place.
 E = Time spent auto-exploring this place.
 F = Levels seen in this place.
 G = Mean time per level.
                   A        B        C        D        E       F      G
               +--------+--------+--------+--------+--------+-----+--------+
         Total |   1231 |   1203 |     28 |    112 |    720 |   2 |  615.5 |
       Dungeon |   1231 |   1203 |     28 |    112 |    720 |   2 |  615.5 |
               +--------+--------+--------+--------+--------+-----+--------+

Top non-repeatable levels by time:
     D:1: 808 daAuts
     D:2: 423 daAuts
